 Dungeon Crawl Stone Soup version 0.31-a0-986-g5e6e4ef867 (webtiles) character file.

Game seed: 3517082788309045534

312 bmb222 the Ruffian (level 6, 0/55 HPs)
             Began as a Troll Shapeshifter on Nov 23, 2023.
             Slain by an orc wizard
             ... wielding a +0 dagger of venom
              (4 damage)
             ... on level 4 of the Dungeon.
             The game lasted 00:03:38 (2567 turns).

bmb222 the Ruffian (Troll Shapeshifter)             Turns: 2567, Time: 00:03:39

Health: 0/55       AC:  4    Str: 25    XL:     6   Next: 18%
Magic:  5/5        EV:  9    Int:  6    God:
Gold:   240        SH:  0    Dex:  9    Spells: 5/5 levels left

rFire   . .          .
                       - Unarmed
rCold   . . .        (no shield)
rNeg    . . .        a - +0 animal skin
rPois   .            (helmet currently unavailable)
rElec   .            (cloak currently unavailable)
rCorr   .            (gloves unavailable)
SInv    .            (boots unavailable)
Will    .....        (no amulet)
Stlth   +            (no ring)
HPRegen 1.09/turn    (no ring)
MPRegen 0.09/turn

%: no passive effects
@: beast-form
A: beast (slay +2), large, unfitting armour, claws 3, regeneration 1, shaggy fur
1, tough skin 1
a: Begin Untransformation


You were on level 4 of the Dungeon.
You were a hulking beast.
You visited 1 branch of the dungeon, and saw 4 of its levels.

You collected 240 gold pieces.

Inventory:

Armour
 a - a +0 animal skin (worn)
Jewellery
 h - a ring of ice
Talismans
 c - a beast talisman
 d - a flux talisman
Scrolls
 k - a scroll of immolation {unknown}
 m - 2 scrolls of fear {unknown}
 o - 3 scrolls of teleportation {unknown}
 q - 2 scrolls of identify {unknown}
 r - a scroll of amnesia {unknown}
 s - a scroll of fog {unknown}
 u - 2 scrolls of enchant armour {unknown}
Potions
 b - 3 potions of lignification
 e - 2 potions of mutation {unknown}
 f - a potion of ambrosia {unknown}
 g - a potion of enlightenment {unknown}
 i - a potion of resistance {unknown}
 l - a potion of attraction {unknown}
 n - a potion of heal wounds {unknown}
 p - 2 potions of haste {unknown}
 t - a potion of cancellation {unknown}


   Skills:
 + Level 1.6 Fighting
 * Level 1.5 Armour
 - Level 1.5 Dodging
 + Level 5.2 Unarmed Combat
 * Level 4.3 Shapeshifting


You had 5 spell levels left.
You didn't know any spells.
Your spell library contained the following spells:

 Spells                   Type           Power      Damage    Failure   Level
 Poisonous Vapours        Pois/Air       0%         N/A       58%         2
 Mephitic Cloud           Conj/Pois/Air  0%         N/A       83%         3
 Freezing Cloud           Conj/Ice/Air   0%         6-21      100%        5


Dungeon Overview and Level Annotations

Branches:
Dungeon (4/15)
 Temple: D:4-7

Altars:


Innate Abilities, Weirdness & Mutations

You are a hulking beast.
Your limbs bulge with bestial killing power. (Slay +2)
You are too large for most types of armour.
You have claws for hands.
Your natural rate of healing is unusually fast.
You are covered in fur. (AC +1)
You have tough skin. (AC +1)


Message History

The orc is lightly wounded.
You feel sick. The ball python bites you. The orc closely misses you.
The orc hits you but does no damage. The orc hits you with a +0 dagger.
Something hits you but does no damage.
The ball python bites you but does no damage.
You barely miss the orc.
The orc is lightly wounded.
You feel sick. The orc barely misses you. x2
The orc hits you with a +0 dagger.
You hear some strange, mumbled words.
A magic dart appears from out of thin air!
The magic dart hits you!
* * * LOW HITPOINT WARNING * * *
The ball python closely misses you.
You claw the orc!
You kill the orc!
The orc barely misses you. x2; Something hits you but does no damage.
You are more poisoned.
The ball python barely misses you.
You barely miss something.
You feel very sick. The ball python misses you.
The orc hits you with a +0 whip.
* * * LOW HITPOINT WARNING * * *
Something hits you.
* * * LOW HITPOINT WARNING * * *
The orc hits you with a +0 short sword.
* * * LOW HITPOINT WARNING * * *
You feel better.
The ball python bites you but does no damage.
The orc hits you with a +0 whip.
* * * LOW HITPOINT WARNING * * *
You hear some strange, mumbled words.
You are confused.
The orc hits you with a +0 short sword.
* * * LOW HITPOINT WARNING * * *
You feel better. The ball python closely misses you.
The orc hits you with a +0 whip.
* * * LOW HITPOINT WARNING * * *
The orc misses you. Something hits you.
You die...

#.# #.# #.. . #..##.####.#
#.# . ...........# #.# . #.
#.!#.......# #.# .. #.
#.!#.#####.# #.#
$..##.##..#.# #.# #.#
...........# #.# #.#
...##.ooS.# #.# #)####
......)h..# #.# #....##
#####.#{..#######.# ###.#.##
#.............#
###.###.######.#?..#########
...## ##.[........##
###.###.######.#### ##.#.##
#. ##.## # #.#..


You could see 2 orcs and a ball python.

Vanquished Creatures
  An orc priest (D:3)
  2 iguanas (D:4)
  An orc wizard (D:4)
  3 gnolls (D:3)
  5 adders
  4 worms
  2 dart slugs
  6 orcs
  6 ball pythons
  8 bats
  4 endoplasms
  5 giant cockroaches
  23 goblins
  9 hobgoblins
  10 jackals
  8 kobolds
  A quokka (D:3)
  3 frilled lizards
  4 rats
105 creatures vanquished.

Notes
Turn   | Place    | Note
-------+----------+-------------------------------------------
     0 | D:1      | bmb222 the Troll Shapeshifter began the quest for the Orb.
     0 | D:1      | Reached XP level 1. HP: 18/18 MP: 0/0
    57 | D:1      | Reached XP level 2. HP: 26/26 MP: 1/1
   232 | D:1      | Reached skill level 1 in Fighting
   546 | D:2      | Reached XP level 3. HP: 33/33 MP: 2/2
   839 | D:2      | Reached XP level 4. HP: 41/41 MP: 3/3
   893 | D:2      | Identified the +10 hand axe of Broken Luck {heavy, *Noise
                  | rCorr Dex+3}
   997 | D:2      | Reached skill level 4 in Unarmed Combat
  1353 | D:3      | Found a faded altar of an unknown god.
  1370 | D:3      | Reached skill level 1 in Armour
  1375 | D:3      | Reached XP level 5. HP: 25/48 MP: 4/4
  2317 | D:4      | Reached skill level 5 in Unarmed Combat
  2479 | D:4      | Reached XP level 6. HP: 36/55 MP: 5/5
  2565 | D:4      | HP: 2/55 [something (1)]
  2567 | D:4      | Slain by an orc wizard

Illustrated notes

Levels and vault maps discovered:
D:1:      dpeg_arrival_round_c, layout_rooms
D:2:      kennysheep_the_goblin_king, layout_basic, hangedman_feature_mirror,
          minmay_heptomino_w4
D:3:      cheibrodos_greedy_goblins, layout_loops_cross, basic_ecumenical_altar,
          minmay_misc_feat_diagonals, nicolae_grassy_gnolls
D:4:      layout_loops_ring

Skill      XL: |  1  2  3  4  5 |
---------------+----------------+-----
Fighting       | 1 |  1.6
Unarmed Combat | 4 5 |  5.2
Armour         | 1 |  1.5
Shapeshifting  | 4 |  4.3
Dodging        | |  1.5

Action                     |  1- 3 |  4- 6 || total
---------------------------+-------+-------++-------
  Melee: Unarmed           |    91 |   145 ||   236
         Punch             |     1 |     2 ||     3
    Use: Potion            |       |     3 ||     3
   Stab: Sleeping          |       |     2 ||     2
 Armour: Animal skin       |    69 |   167 ||   236
  Dodge: Dodged            |    36 |   106 ||   142

Table legend: (Time is in decaauts)
 A = Elapsed time spent in this place.
 B = Non-inter-level travel time spent in this place.
 C = Inter-level travel time spent in this place.
 D = Time resting spent in this place.
 E = Time spent auto-exploring this place.
 F = Levels seen in this place.
 G = Mean time per level.
                   A        B        C        D        E       F      G
               +--------+--------+--------+--------+--------+-----+--------+
         Total |   2548 |   2482 |     66 |      0 |   1999 |   4 |  637.0 |
       Dungeon |   2548 |   2482 |     66 |      0 |   1999 |   4 |  637.0 |
               +--------+--------+--------+--------+--------+-----+--------+

Top non-repeatable levels by time:
     D:2: 834 daAuts
     D:3: 774 daAuts
     D:1: 516 daAuts
     D:4: 423 daAuts
